 Dungeon Crawl Stone Soup version 0.18-a0-1485-g189885c (webtiles) character file.

387 Sargon the Chopper (level 6, -2/37 HPs)
             Began as a Gargoyle Fighter on Mar 3, 2016.
             Was an Initiate of the Shining One.
             Slain by an orc warrior
             ... wielding a +0 trident
              (9 damage)
             ... on level 6 of the Dungeon.
             The game lasted 00:08:46 (3303 turns).

Sargon the Chopper (Gargoyle Fighter)               Turns: 3303, Time: 00:08:46

Health: -2/37      AC: 10    Str: 20    XL:     6   Next: 78%
Magic:  6/6        EV:  7    Int:  9    God:    the Shining One [......]
Gold:   351        SH:  0    Dex: 10    Spells: 0 memorised, 5 levels left

rFire  . . .     SeeInvis .     a - +0 war axe
rCold  . . .     Gourm    .     b - +0 scale mail
rNeg   + . .     Faith    .     c - +0 shield
rPois  ∞         Spirit   .     (no helmet)
rElec  +         Dismiss  +     k - +0 cloak
rCorr  .         Reflect  .     (no gloves)
SustAt .         Harm     .     (no boots)
MR     .....                    t - amulet of dismissal
Stlth  ..........               (no ring)
                                v - -2 ring of protection (curse)

@: confused, glowing, not resistant to hostile enchantments, extremely
unstealthy
A: negative energy resistance 1, electricity resistance, unbreathing,
petrification resistance, rot immunity, AC +4
a: Renounce Religion


You were on level 6 of the Dungeon.
You worshipped the Shining One.
The Shining One was noncommittal.
You were hungry.

You visited 1 branch of the dungeon, and saw 6 of its levels.

You collected 351 gold pieces.

Inventory:

Hand Weapons
 a - a +0 war axe (weapon)
Armour
 b - a +0 scale mail (worn)
 c - a +0 shield (worn)
 k - a +0 cloak (worn)
Jewellery
 t - an amulet of dismissal (around neck)
 v - a cursed -2 ring of protection (left hand)
Wands
 r - a wand of polymorph (4/24)
 G - a wand of digging (14/24)
Scrolls
 h - 2 scrolls of random uselessness {unknown}
 i - a scroll of amnesia {unknown}
 j - 3 scrolls of teleportation {unknown}
 l - 3 scrolls of blinking {unknown}
 p - 8 scrolls of identify {unknown}
 q - 2 scrolls of recharging {unknown}
 w - a scroll of enchant weapon {unknown}
 y - 2 scrolls of noise {unknown}
 z - a scroll of remove curse {unknown}
 D - a scroll of immolation {unknown}
Potions
 d - 3 potions of might
 e - 4 potions of haste {unknown}
 o - a potion of magic {unknown}
 s - a potion of curing {unknown}
 u - 3 potions of invisibility {unknown}
 x - a potion of mutation {unknown}
 B - 2 potions of degeneration {unknown}
 C - a potion of brilliance {unknown}
 E - 2 potions of agility {unknown}
Comestibles
 f - 4 bread rations
 g - 3 beef jerkies
 m - a royal jelly
 n - 3 fruits
 A - a meat ration
 F - a slice of pizza


   Skills:
 - Level 3.2 Fighting
 + Level 6.3 Axes
 - Level 3.2 Armour
 - Level 3.3 Shields


You had 5 spell levels left.
You didn't know any spells.

Dungeon Overview and Level Annotations

Branches:
Dungeon (6/15)
 Temple: D:4-7

Altars:
Cheibriados
Elyvilon
Kikubaaqudgha
The Shining One


Innate Abilities, Weirdness & Mutations

You are resistant to torment.
Your stone body is resilient (AC +4).
You are immune to poison.
You resist negative energy.
You are resistant to electric shocks.
You can survive without breathing.
You are immune to petrification.
You are immune to rotting.


Message History

You are confused.
The orc warrior completely misses you.
You are too confused!
You are too confused!
You are too confused!
You are too confused!
You are too confused!
You are too confused!
You are too confused!
You bump into the rock wall.
The orc wizard hits you but does no damage.
The orc warrior hits you from afar with a trident!
You bump into the rock wall.
The orc wizard hits you but does no damage.
The orc warrior hits you from afar with a trident!
* * * LOW HITPOINT WARNING * * *
You bump into the rock wall.
The orc wizard hits you but does no damage.
The orc warrior hits you from afar with a trident!
You die...

#### # ... .# .o#
#.## ## #o#..(.
.. #o#.#.#
#.##@..#.##.
#.?..#......
####...#.##.
#.....# #.
#....#.#
#..#######...#.##
##
#.......(.[..###
#..
##......##...#
#.# #####...#...#
#.#


You could see an orc warrior and 2 orc wizards.

Vanquished Creatures
  An ogre (D:4)
  A giant frog (D:6)
  A howler monkey (D:5)
  2 iguanas (D:5)
  5 adders
  2 adder skeletons
  3 worms
  A dart slug (D:1)
  5 giant geckos
  3 orcs (D:5)
  5 giant cockroaches
  4 hobgoblins
  9 jackals
  3 quokkas
  A ball python (D:1)
  7 bats
  4 giant newts
  14 goblins
  9 kobolds
  2 rats
82 creatures vanquished.

Notes
Turn   | Place    | Note
--------------------------------------------------------------
     0 | D:1      | Sargon the Gargoyle Fighter began the quest for the Orb.
     0 | D:1      | Reached XP level 1. HP: 14/14 MP: 1/1
    60 | D:1      | Reached skill level 2 in Axes
    64 | D:1      | Reached XP level 2. HP: 17/19 MP: 2/2
   565 | D:1      | Reached skill level 3 in Axes
   570 | D:1      | Reached XP level 3. HP: 23/23 MP: 3/3
  1158 | D:2      | Reached XP level 4. HP: 24/28 MP: 4/4
  1361 | D:3      | Found a snail-covered altar of Cheibriados.
  1493 | D:3      | Reached skill level 4 in Axes
  1940 | D:4      | Found an ancient bone altar of Kikubaaqudgha.
  2300 | D:4      | Noticed an ogre
  2309 | D:4      | Killed an ogre
  2309 | D:4      | Reached skill level 5 in Axes
  2309 | D:4      | Reached XP level 5. HP: 24/32 MP: 5/5
  2396 | D:4      | Found a white marble altar of Elyvilon.
  2597 | D:5      | Entered Level 5 of the Dungeon
  2796 | D:5      | Reached XP level 6. HP: 37/37 MP: 6/6
  3005 | D:5      | Found a glowing golden altar of the Shining One.
  3026 | D:5      | Reached skill level 6 in Axes
  3088 | D:5      | Became a worshipper of the Shining One
  3298 | D:6      | Noticed an orc warrior
  3303 | D:6      | Slain by an orc warrior

Vault maps used:
D:1:      grunt_arrival_lava_bath
D:2:      serial_corexii_hall, corexii_hall_statues_u, corexii_hall_statues_t
D:3:      cheibriados_altar_1
D:4:      nicolae_overflow_hidden_temple, first_bread
D:5:      corexii_shack_village, minmay_misc_feat_five, serial_bayou_pond_e,
          hangedman_decor_clover_reticule, grunt_decor_arrowhead,
          eino_small_chamber_without_monster, tso_metal_star
D:6:      grunt_temple_overflow_holy_war, minmay_temple_entry_enclosed_plants,
          makhleb_altar_promises_db

Skill      XL: |  1  2  3  4  5  6 |
---------------+-------------------+-----
Axes           | 2 3 5 6 |  6.3
Fighting       | |  3.2
Armour         | |  3.2
Shields        | |  3.3

Action                   |  1- 3 |  4- 6 || total
-------------------------+-------+-------++-------
Melee: War axe           |   138 |   186 ||   324
  Eat: Chunk             |     1 |     5 ||     6
       Pizza             |       |     1 ||     1
